 Dungeon Crawl Stone Soup version 0.30-a0-1112-gfb780f5df6 (webtiles) character file.

Game seed: 4347951823321212955

249623 GigaChad the Peltast (level 20, 1/1 (164) HPs) *EXPLORE*
             Began as a Human Fighter on Apr 17, 2023.
             Was the Champion of Okawaru.
             Quit the game on level 2 of the Depths on Apr 19, 2023.
             The game lasted 01:49:47 (41156 turns).

GigaChad the Peltast (Human Fighter)               Turns: 41156, Time: 01:49:48

HP:   1/1 (164)     AC: 27    Str: 12 (18) XL:     20   Next: 39%
MP:   20/20         EV:  2    Int:  2 (15) God:    Okawaru [******]
Gold: 3287          SH:  0    Dex: -2 (13) Spells: 19/19 levels left

rFire   + . .      SeeInvis .    M - +3 broad axe
rCold   + + .      Faith    .    O - +3 tower shield {AC+3}
rNeg    . . .      Spirit   .    C - +2 plate armour {rC+}
rPois   +          Reflect  .    J - -2 helmet of Pudanyd {Regen+}
rElec   .          Rampage  .    y - +1 cloak
rCorr   .                        (no gloves)
Will    ++...                    N - +1 pair of boots Stlth
                                 t - amulet of regeneration
HPRegen 1.80/turn                L - ring of Cadel {rPois rC+ Will+ AC+4}
MPRegen 0.17/turn                E - ring of Jibrihi {rF+ Int+5 Dex-2 Slay+4}

@: slowed, lost dexterity, extremely drained, unable to drink, very slow
A: deformed body, deterioration 1, screaming 1, weak 2, inability to drink after
injury 1
}: 2/15 runes: decaying, gossamer
a: Renounce Religion, Heroism, Finesse, Duel


You were on level 2 of the Depths.
You worshipped Okawaru.
Okawaru was exalted by your worship.
You visited 7 branches of the dungeon, and saw 33 of its levels.

You collected 4563 gold pieces.
You spent 1177 gold pieces at shops.
You paid 99 gold pieces to Gozag.

Inventory:

Hand Weapons
 b - a +3 demon blade
 c - a +4 vampiric double sword
 f - the +3 war axe "Deristaz" {heavy, Int+2}
   (You bought it in a shop on level 1 of the Depths)

   Int:       It affects your intelligence (+2).
 x - the +7 mace of Variability {chaos, chaos arc}
   (You took it off an orc on level 1 of the Orcish Mines)
 B - the +0 battleaxe "Qeuliamo" {speed, Drain Int+8 Dex+4}
   (You took it off an orc warrior on level 1 of the Orcish Mines)

   Int:       It affects your intelligence (+8).
   Dex:       It affects your dexterity (+4).
   Drain:     It drains your maximum health when unequipped.
 H - a +5 battleaxe of pain
 M - a +3 broad axe (weapon)
 R - the +7 flail of Agony {flame, rElec}
   (You found it on level 5 of the Lair of Beasts)

   rElec:     It insulates you from electricity.
 Z - the +8 hand crossbow of the Badger {freeze, +Blink rC+++ Str-5 Int+4}
   (Okawaru gifted it to you on level 1 of the Swamp)

   Str:       It affects your strength (-5).
   Int:       It affects your intelligence (+4).
   rC:        It renders you almost immune to cold.
   +Blink:    It lets you blink.
Armour
 w - a +0 kite shield
 y - a +1 cloak (worn)
 A - +2 ice dragon scales
 C - a +2 plate armour of cold resistance (worn)
 F - a +0 cloak of stealth
 G - the scarf of the Frog {+Inv, rPois Dex+5}
   (Okawaru gifted it to you on level 3 of the Spider Nest)

   Dex:       It affects your dexterity (+5).
   rPois:     It protects you from poison.
 J - the -2 helmet of Pudanyd (worn) {Regen+}
   (You bought it in a shop on level 2 of the Depths)

   Regen:     It increases your rate of health regeneration.
 N - a +1 pair of boots (worn)
 O - a +3 tower shield of protection (worn)
 S - +0 fire dragon scales
 T - a +0 hat of willpower
Jewellery
 k - a ring of poison resistance
 o - a +6 ring of intelligence
 t - an amulet of regeneration (around neck)
 u - the ring of Onaz {Fly rF+ Str+4 Dex+4}
   (You acquired it on level 2 of the Orcish Mines)

   [ring of flight]

   Str:       It affects your strength (+4).
   Dex:       It affects your dexterity (+4).
   rF:        It protects you from fire.
   Fly:       It grants you flight.
 E - the ring of Jibrihi (right hand) {rF+ Int+5 Dex-2 Slay+4}
   (You acquired it on level 4 of the Swamp)

   [ring of slaying]

   Int:       It affects your intelligence (+5).
   Dex:       It affects your dexterity (-2).
   Slay:      It affects your accuracy & damage with ranged weapons and melee
   (+4).
   rF:        It protects you from fire.
 L - the ring of Cadel (left hand) {rPois rC+ Will+ AC+4}
   (You found it on level 2 of the Swamp)

   [ring of protection]

   AC:        It affects your AC (+4).
   rC:        It protects you from cold.
   rPois:     It protects you from poison.
   Will:      It increases your willpower.
Wands
 D - a wand of quicksilver (16)
 I - a wand of mindburst (47)
 Q - a wand of flame (30) (quivered)
 V - a wand of digging (4)
 X - a wand of iceblast (34)
Scrolls
 a - 3 scrolls of brand weapon {unknown}
 g - 7 scrolls of noise
 n - 10 scrolls of teleportation
 q - 4 scrolls of vulnerability
 v - 9 scrolls of identify
 K - 4 scrolls of poison
 W - a scroll of magic mapping
Potions
 d - 6 potions of might
 e - 17 potions of curing
 h - 8 potions of attraction
 i - 12 potions of brilliance
 j - 4 potions of mutation
 l - 12 potions of ambrosia
 m - 6 potions of degeneration
 p - 3 potions of berserk rage {unknown}
 r - 16 potions of heal wounds
 s - 8 potions of lignification
 z - 6 potions of resistance
 P - 8 potions of haste
 Y - 3 potions of cancellation
Miscellaneous
 U - a phial of floods (inert)


   Skills:
 * Level 15.7 Fighting
 * Level 19.2(19.4) Axes
 * Level 4.7(13.4) Maces & Flails
 * Level 16.9 Armour
 * Level 7.5 Stealth
 * Level 19.8 Shields


You had 19 spell levels left.
You didn't know any spells.
Your spell library contained the following spells:

 Spells                   Type           Power      Damage    Failure   Level
 Freeze                   Ice            0%         1d3       100%        1
 Magic Dart               Conj           0%         1d3       100%        1
 Necrotise                Necr           0%         1d4       100%        1
 Blink                    Tloc           0%         N/A       100%        2
 Ensorcelled Hibernation  Hex/Ice        0%         N/A       100%        2
 Lesser Beckoning         Tloc           0%         N/A       100%        2
 Momentum Strike          Conj/Tloc      0%         3d8       100%        2
 Passwall                 Tmut/Erth      0%         N/A       100%        2
 Poisonous Vapours        Pois/Air       0%         N/A       100%        2
 Static Discharge         Conj/Air       0%         2-2/arc   100%        2
 Wereblood                Tmut           0%         N/A       100%        2
 Dazzling Flash           Conj/Hex       0%         N/A       100%        3
 Frozen Ramparts          Ice            0%         1d1       100%        3
 Hailstorm                Conj/Ice       0%         3d3       100%        3
 Ignite Poison            Fire/Tmut/Pois 0%         N/A       100%        3
 Inner Flame              Hex/Fire       0%         N/A       100%        3
 Mephitic Cloud           Conj/Pois/Air  0%         N/A       100%        3
 Ozocubu's Armour         Ice            0%         N/A       100%        3
 Portal Projectile        Hex/Tloc       0%         N/A       100%        3
 Spider Form              Tmut/Pois      0%         N/A       100%        3
 Swiftness                Air            0%         N/A       100%        3
 Vampiric Draining        Necr           0%         2d6       100%        3
 Volatile Blastmotes      Fire/Tloc      0%         2d10      100%        3
 Airstrike                Air            0%         2d(0-16)  100%        4
 Cause Fear               Hex            0%         N/A       100%        4
 Flame Wave               Conj/Fire      0%         2d4       100%        4
 Ice Form                 Ice/Tmut       0%         N/A       100%        4
 Iskenderun's Mystic Bla  Conj/Tloc      0%         2d3       100%        4
 Leda's Liquefaction      Hex/Erth       0%         N/A       100%        4
 Sticky Flame             Conj/Fire      0%         2d3       100%        4
 Agony                    Necr           0%         N/A       100%        5
 Freezing Cloud           Conj/Ice/Air   0%         6-21      100%        5
 Lee's Rapid Deconstruct  Erth           0%         3d4*      100%        5
 Metabolic Englaciation   Hex/Ice        0%         N/A       100%        5
 Yara's Violent Unravell  Hex/Tmut       0%         3d3       100%        5
 Eringya's Noxious Bog    Tmut/Pois      0%         N/A       100%        6
 Starburst                Conj/Fire      0%         6d3       100%        6
 Statue Form              Tmut/Erth      0%         N/A       100%        6
 Dragon Form              Tmut           0%         N/A       100%        7
 Ignition                 Fire           0%         3d3       100%        8
 Call Imp                 Summ           Unusable   N/A       N/A         2
 Call Canine Familiar     Summ           Unusable   N/A       N/A         3
 Summon Ice Beast         Ice/Summ       Unusable   N/A       N/A         4
 Summon Lightning Spire   Summ/Air       Unusable   N/A       N/A         4
 Summon Forest            Summ/Tloc      Unusable   N/A       N/A         5
 Simulacrum               Ice/Necr       Unusable   N/A       N/A         6
 Summon Hydra             Summ           Unusable   N/A       N/A         7
 Dragon's Call            Summ           Unusable   N/A       N/A         9

Dungeon Overview and Level Annotations

Branches:
Dungeon (15/15)            Temple (1/1) D:4            Lair (5/5) D:10
  Swamp (4/4) Lair:2       Spider (4/4) Lair:3        Slime (0/5) Lair:5
    Orc (2/2) D:10            Elf (0/3) Orc:2        Vaults (0/5) D:14
 Depths (2/4) D:15

Altars:
Ashenzari
Cheibriados
Dithmenos
Elyvilon
Fedhas
Gozag
Hepliaklqana
Kikubaaqudgha
Makhleb
Nemelex Xobeh
Okawaru
Qazlal
Ru
Sif Muna
Trog
Uskayaw
Vehumet
Wu Jian
Xom
Yredelemnul
Zin
The Shining One
Lugonu

Shops:
D:11 [   Orc:1 (   Orc:2 :(!**   Depths:1 (?![   Depths:2 [

Portals:
Hell: Depths:1 Depths:2
Abyss: Depths:1

Annotations:
Orc:2 1 runed translucent door, jasper's ghost, journeyman DjVM
Depths:2 Mara


Innate Abilities, Weirdness & Mutations

Armour fits poorly on your strangely shaped body.
Your body sometimes deteriorates upon taking damage.
You occasionally shout uncontrollably at your foes.
You are very weak. (Str -4)
You occasionally lose the ability to drink potions when taking damage.


Message History

Die? [Y]es or [N]o only, please.
Die?
Thought so.
Mara hits you from afar with a +5 demon trident of draining!!
Ouch! That really hurt!
Die?
Thought so.
You feel drained.
Ouch! That really hurt!
Die? [Y]es or [N]o only, please.
Die? [Y]es or [N]o only, please.
Die?
Thought so.
Mara hits you but does no damage.
You feel drained.
Your unstable footing causes you to fumble your attack.
GigaChad's illusion is no longer waterlogged.
GigaChad's illusion hits you!!
Ouch! That really hurt!
Die?
Thought so.
Mara blinks!
Mara hits you from afar with a +5 demon trident of draining!
Ouch! That really hurt!
Die? [Y]es or [N]o only, please.
Die?
Thought so.
You feel drained.
Ouch! That really hurt!
Die? [Y]es or [N]o only, please.
Die?
Thought so.
The fire dragon breathes flames at you. The blast of flame hits you!
You resist.
Ouch! That really hurt!
Die? [Y]es or [N]o only, please.
Die?
Thought so.
Are you sure you want to abandon this character and quit the game? (Confirm with "yes".)

#.########.# #.....###
#.########.# #####.#
#.########.# .#
#.########.########+#
+...................
##.........$.........
#.>..................
#...........~~....D..
#..........R@@.?.R...
#...........~..ยง.....
+....................
#................C...
#....................
#..................<.
#####################


You could see 2 Maras, a fire dragon (catching breath), a stone giant and
GigaChad's illusion.

Vanquished Creatures
  Nikola (Swamp:4)
  Rupert (D:15)
  Agnes (D:15)
  Roxanne (Swamp:4)
  A thorn hunter (Swamp:4)
  Donald (Spider:1)
  A tengu reaver (Depths:1)
  A frost giant (Depths:1)
  3 emperor scorpions
  4 fire giants
  3 ghost moths
  2 spriggan defenders (Depths:2)
  An orc warlord (Orc:2)
  6 broodmothers (Spider:4)
  11 very ugly things
  A reaper (Depths:1)
  6 stone giants
  4 eleionomae
  A vampire knight (Depths:2)
  7 bunyips
  4 spark wasps
  A dire elephant (D:15)
  9 fire dragons
  A green death (Depths:1)
  An ettin (Depths:1)
  Josephine (Lair:4)
  5 entropy weavers
  Harold (Orc:1)
  A hell beast (Depths:1)
  Erolcha (Orc:2)
  6 ice dragons
  17 hydras
  4 centaur warriors
  A vault guard (D:14)
  3 spriggan air magi (Depths:2)
  4 ghost crabs
  2 jorogumos (Spider:4)
  6 boulder beetles
  2 catoblepae (Lair:4)
  A deep troll earth mage (Depths:1)
  4 radroaches
  3 two-headed ogres
  Urug (Orc:1)
  9 alligators
  A death scarab (Spider:4)
  9 tengu warriors
  A spriggan berserker (Depths:2)
  3 orc high priests (Orc:2)
  12 spriggans
  A hell knight (Depths:2)
  A skyshark (Lair:4)
  A sixfirhy (Depths:1)
  A sun demon (Depths:1)
  5 skeletal warriors (D:14)
  2 sun moths (Spider:4)
  10 pharaoh ants
  4 deep trolls (Depths:1)
  An iron troll (Depths:1)
  A spriggan druid (Swamp:4)
  6 goliath frogs
  2 swamp dragons
  14 orb spiders
  3 steelbarb worms
  2 bog bodies
  An obsidian statue (Depths:1)
  3 wizards
  5 orc knights
  2 phantasmal warriors (Depths:2)
  2 deep elf pyromancers
  3 orc sorcerers (Orc:2)
  20 ugly things
  21 wolf spiders
  17 cyclopes
  3 manticores
  5 will-o-the-wisps
  A salamander (D:15)
  A wolf spider (shapeshifter) (Depths:2)
  6 moths of wrath
  3 demonic crawlers
  5 black mambas
  2 gargoyles (D:12)
  3 smoke demons (Depths:1)
  Maurice (Orc:2)
  3 torpor snails
  An orange demon (Depths:1)
  5 cane toads
  3 unseen horrors
  2 kobold demonologists (D:11)
  A rime drake (shapeshifter) (D:14)
  2 rime drakes (Lair:1)
  9 komodo dragons
  2 tengu conjurers
  9 trolls
  An ice devil (Depths:1)
  4 meliai
  A queen bee (shapeshifter) (D:14)
  14 tyrant leeches
  26 tarantellas
  9 hornets
  A wolf spider simulacrum (D:14)
  15 blink frogs
  16 polar bears
  A raiju (Lair:5)
  7 dream sheep (Lair:4)
  30 jumping spiders
  A centaur simulacrum (D:14)
  8 slime creatures
  2 ynoxinuls (Depths:1)
  3 wyverns
  22 culicivoras
  3 water elementals
  6 wraiths
  2 shadows
  A fire elemental (Orc:1)
  40 yaks
  4 basilisks
  4 steam dragons
  2 neqoxecs (Depths:1)
  4 vampire mosquitoes (D:10)
  2 swamp worm simulacra (Swamp:4)
  78 redbacks
  4 acid dragons
  12 hydra simulacra (Swamp:4)
  9 swamp worms
  12 wargs
  8 water moccasins
  14 hell hounds (Lair:5)
  22 orc warriors
  A meliai simulacrum (D:14)
  7 swamp drakes
  A sky beast (D:5)
  4 ice beasts
  17 black bears
  8 ogres
  37 wolves
  7 centaurs
  2 phantoms
  11 bullfrogs
  A scorpion (D:7)
  A gnoll sergeant (D:7)
  A hornet simulacrum (D:14)
  3 wights (D:7)
  25 killer bees
  6 electric eels
  4 howler monkeys
  A lava snake (Orc:1)
  7 hounds
  6 jellies
  15 orc priests
  2 sleepcaps
  Crazy Yiuf (D:3)
  Jessica (D:3)
  5 iguanas
  13 orc wizards
  A boggart simulacrum (D:14)
  5 gnolls (D:7)
  10 adders
  A shadow imp (D:7)
  8 white imps
  5 ufetubi
  3 swamp drake simulacra (Swamp:4)
  2 worms (D:3)
  2 dart slugs
  40 orcs
  3 ball pythons
  3 endoplasms
  4 giant cockroaches
  8 goblins
  6 hobgoblins
  6 jackals
  7 quokkas
  2 bats
  A frilled lizard (D:2)
  8 kobolds
  7 rats
  6 briar patches (Swamp:4)
1079 creatures vanquished.

Vanquished Creatures (others)
  Bai Suzhen (Swamp:4)
  Mlioglotl (Swamp:1)
  A bunyip (Swamp:4)
  An ice dragon (Swamp:4)
  An alligator (Swamp:1)
  A goliath frog (Swamp:4)
  A will-o-the-wisp (Swamp:4)
  4 freezing wraiths (Swamp:4)
  2 hornets (Swamp:4)
  2 tyrant leeches (Swamp:4)
  2 tarantellas (Spider:1)
  A jumping spider (Spider:1)
  2 swamp worm simulacra (Swamp:4)
  3 hydra simulacra (Swamp:4)
  A water moccasin (Lair:2)
  A swamp drake (Swamp:4)
  An orc wizard (Orc:1)
  A swamp drake simulacrum (Swamp:4)
  2 briar patches (Swamp:4)
  43 foxfires
  21 fungi
  35 plants
  9 starspawn tentacles (Swamp:1)
137 creatures vanquished.

Grand Total: 1216 creatures vanquished

Notes
Turn   | Place    | Note
-------+----------+-------------------------------------------
     0 | D:1      | GigaChad the Human Fighter began the quest for the Orb.
     0 | D:1      | Reached XP level 1. HP: 18/18 MP: 1/1
    20 | D:1      | Entered explore mode.
    98 | D:1      | Reached XP level 2. HP: 10/24 MP: 2/2
   107 | D:1      | Frozen to death by an endoplasm (5 damage)
   420 | D:1      | Reached XP level 3. HP: 29/29 MP: 3/3
  1335 | D:2      | Reached XP level 4. HP: 32/35 MP: 4/4
  2168 | D:3      | Noticed a centaur
  2174 | D:3      | Killed a centaur
  2175 | D:3      | Reached XP level 5. HP: 29/41 MP: 5/5
  2310 | D:3      | Reached XP level 6. HP: 37/48 MP: 6/6
  2617 | D:3      | Found a runed translucent door.
  2618 | D:3      | Noticed Crazy Yiuf
  2618 | D:3      | Noticed Jessica
  2628 | D:3      | Slain by Crazy Yiuf
                  | ... wielding a +3 quarterstaff of chaos
                  | (13 damage)
  2633 | D:3      | Killed Crazy Yiuf
  2644 | D:3      | Killed Jessica
  2939 | D:4      | Found a staircase to the Ecumenical Temple.
  2982 | D:4      | Reached skill level 5 in Axes
  2994 | Temple   | Entered the Ecumenical Temple
  3464 | D:4      | You fall into a shaft and drop 3 floors!
  3485 | D:7      | Noticed a black bear
  3490 | D:7      | Mangled by a wight
                  | ... wielding a +4 morningstar
                  | (12 damage)
  3492 | D:7      | Reached XP level 7. HP: 34/53 MP: 7/7
  3499 | D:7      | Shot with an arrow by a centaur (10 damage)
  3509 | D:7      | Reached skill level 5 in Armour
  3585 | D:7      | Reached XP level 8. HP: 26/61 MP: 8/8
  3796 | D:7      | Found an opulent altar of Gozag.
  4008 | D:7      | Became a worshipper of Gozag Ym Sagoz the Greedy
  4206 | D:7      | Found an ornate altar of the Wu Jian Council.
  4403 | D:6      | Reached skill level 5 in Fighting
  4421 | D:6      | HP: 2/62 [killer bee (4)]
  4422 | D:6      | Slain by a killer bee (2 damage)
  4430 | D:6      | HP: 3/62 [killer bee (3)]
  4433 | D:6      | HP: 1/62 [poisoned by a killer bee]
  4433 | D:6      | Slain by a hound (1 damage)
  4435 | D:6      | Reached XP level 9. HP: 66/68 MP: 9/9
  4485 | D:6      | HP: 2/68 [orc warrior/+1 antimagic long sword (5)]
  4486 | D:6      | Slain by a bullfrog (6 damage)
  4618 | D:6      | Found a glowing silver altar of Zin.
  4801 | D:6      | Reached skill level 5 in Shields
  4925 | D:6      | Found a hazy altar of Hepliaklqana.
  4930 | D:6      | Found a shimmering blue altar of Sif Muna.
  4933 | D:6      | Found a stormy altar of Qazlal.
  5162 | D:5      | Entered Level 5 of the Dungeon
  5202 | D:5      | Found a bloodstained altar of Trog.
  6013 | D:8      | Noticed a two-headed ogre
  6023 | D:8      | HP: 3/69 [two-headed ogre/+0 giant spiked club (11)]
  6025 | D:8      | Killed a two-headed ogre
  6026 | D:8      | Reached XP level 10. HP: 6/76 MP: 10/10
  6353 | D:8      | Found a sacrificial altar of Ru.
  6353 | D:8      | Found an iron altar of Okawaru.
  6508 | D:8      | Fell from the grace of Gozag
  6508 | D:8      | Became a worshipper of Warmaster Okawaru
  6773 | D:9      | Slain by a yak (13 damage)
  6775 | D:9      | Mangled by a yak (16 damage)
  6779 | D:9      | Slain by a yak (19 damage)
  6784 | D:9      | Slain by a yak (10 damage)
  6790 | D:9      | Reached skill level 10 in Axes
  6795 | D:9      | Reached * piety under Okawaru
  7383 | D:9      | Found a shadowy altar of Dithmenos.
  7465 | D:9      | HP: 2/77 [killer bee (10)]
  7465 | D:9      | Slain by a killer bee (7 damage)
  7556 | D:10     | Entered Level 10 of the Dungeon
  7587 | D:10     | Killed an unseen horror
  7588 | D:10     | Reached XP level 11. HP: 65/84 MP: 11/11
  7675 | D:10     | Found a staircase to the Orcish Mines.
  7694 | D:10     | Reached ** piety under Okawaru
  7752 | D:10     | Noticed a manticore
  7757 | D:10     | Mangled by a manticore (29 damage)
  7761 | D:10     | HP: 2/84 [manticore (28)]
  7762 | D:10     | Slain by a manticore (4 damage)
  7764 | D:10     | Mangled by a manticore (11 damage)
  7769 | D:10     | HP: 2/84 [manticore (11)]
  7770 | D:10     | Mangled by a manticore (11 damage)
  7772 | D:10     | Slain by a manticore (28 damage)
  7776 | D:10     | Mangled by a manticore (26 damage)
  7783 | D:10     | Slain by a manticore (12 damage)
  7787 | D:10     | Killed a manticore
  8163 | D:10     | HP: 2/84 [electric eel/bolt of electricity (3)]
  8164 | D:10     | Killed from afar by an electric eel (9 damage)
                  | ... with a bolt of electricity
  8181 | D:10     | HP: 4/84 [electric eel/bolt of electricity (2)]
  8182 | D:10     | Killed from afar by an electric eel (6 damage)
                  | ... with a bolt of electricity
  8289 | D:10     | Found a staircase to the Lair.
  8374 | D:10     | Reached *** piety under Okawaru
  8539 | D:10     | Noticed a two-headed ogre
  8544 | D:10     | Mangled by a two-headed ogre
                  | ... wielding a +0 giant club
                  | (23 damage)
  8546 | D:10     | HP: 1/84 [two-headed ogre/+0 giant club (37)]
  8547 | D:10     | Demolished by a two-headed ogre
                  | ... wielding a +0 giant club
                  | (19 damage)
  8552 | D:10     | HP: 1/84 [two-headed ogre/+0 giant club (9)]
  8553 | D:10     | Demolished by a two-headed ogre
                  | ... wielding a +0 giant club
                  | (16 damage)
  8556 | D:10     | Annihilated by a two-headed ogre
                  | ... wielding a +0 giant club
                  | (36 damage)
  8557 | D:10     | Killed a two-headed ogre
  8558 | D:10     | Reached skill level 10 in Armour
  8564 | Lair:1   | Entered Level 1 of the Lair of Beasts
  8577 | Lair:1   | HP: 1/86 [komodo dragon (14)]
  8578 | Lair:1   | Slain by a komodo dragon (2 damage)
  8589 | Lair:1   | Reached **** piety under Okawaru
  8881 | Lair:1   | HP: 1/86 [yak (5)]
  8882 | Lair:1   | Slain by a yak (2 damage)
  8886 | Lair:1   | Was forgiven by Gozag
  8893 | Lair:1   | Slain by a yak (10 damage)
  8899 | Lair:1   | HP: 2/86 [yak (6)]
  9117 | Lair:1   | Reached ***** piety under Okawaru
  9165 | Lair:1   | Received a gift from Okawaru
  9205 | Lair:1   | Reached XP level 12. HP: 68/94 MP: 12/12
  9291 | Lair:1   | Found a frozen archway.
  9685 | Lair:2   | Slain by a komodo dragon (12 damage)
 10030 | Lair:2   | Noticed a seven-headed hydra
 10036 | Lair:2   | HP: 3/94 [ten-headed hydra (8)]
 10037 | Lair:2   | Slain by an 11-headed hydra (5 damage)
 10042 | Lair:2   | HP: 2/94 [16-headed hydra (5)]
 10042 | Lair:2   | Mangled by a 16-headed hydra (8 damage)
 10047 | Lair:2   | Slain by a 19-headed hydra (8 damage)
 10050 | Lair:2   | Slain by a 19-headed hydra (7 damage)
 10054 | Lair:2   | Slain by a 20-headed hydra (6 damage)
 10056 | Lair:2   | HP: 2/94 [19-headed hydra (6)]
 10056 | Lair:2   | Mangled by a 19-headed hydra (11 damage)
 10060 | Lair:2   | Mangled by a 19-headed hydra (11 damage)
 10062 | Lair:2   | HP: 1/94 [20-headed hydra (10)]
 10062 | Lair:2   | Slain by a 20-headed hydra (5 damage)
 10065 | Lair:2   | Slain by a 19-headed hydra (1 damage)
 10068 | Lair:2   | HP: 3/94 [20-headed hydra (2)]
 10068 | Lair:2   | Slain by a 20-headed hydra (4 damage)
 10071 | Lair:2   | Slain by a 20-headed hydra (10 damage)
 10074 | Lair:2   | HP: 2/94 [19-headed hydra (5)]
 10074 | Lair:2   | Mangled by a 19-headed hydra (12 damage)
 10078 | Lair:2   | Slain by a 20-headed hydra (5 damage)
 10080 | Lair:2   | Mangled by a 19-headed hydra (11 damage)
 10084 | Lair:2   | HP: 1/94 [20-headed hydra (4)]
 10085 | Lair:2   | Killed a 19-headed hydra
 10556 | Lair:2   | Slain by a yak (12 damage)
 10780 | Lair:2   | Identified the +0 pair of gloves of Ufovvy {rF+}
 10816 | Lair:2   | Noticed a four-headed hydra
 10818 | Lair:2   | Noticed a six-headed hydra
 10825 | Lair:2   | HP: 1/94 [eight-headed hydra (6)]
 10825 | Lair:2   | Mangled by a seven-headed hydra (8 damage)
 10829 | Lair:2   | Slain by an 11-headed hydra (3 damage)
 10831 | Lair:2   | Killed a 13-headed hydra
 10831 | Lair:2   | Killed by an exploding 13-headed hydra (20 damage)
                  | ... ignited by their inner flame
 10831 | Lair:2   | Killed a ten-headed hydra
 10832 | Lair:2   | Reached skill level 10 in Shields
 10838 | Lair:2   | HP: 1/95 [cloud of flame (11)]
 10839 | Lair:2   | Engulfed by a cloud of flame (17 damage)
 10852 | Lair:2   | Engulfed by a cloud of flame (27 damage)
 10859 | Lair:2   | Engulfed by a cloud of flame (25 damage)
 10867 | Lair:2   | Mangled by a tyrant leech (15 damage)
 10902 | Lair:2   | HP: 4/95 [tyrant leech (11)]
 10907 | Lair:2   | Mangled by a tyrant leech (16 damage)
 10931 | Lair:2   | Found a staircase to the Swamp.
 11215 | Lair:3   | You fall into a shaft and drop 2 floors!
 11215 | Lair:5   | Entered Level 5 of the Lair of Beasts
 11393 | Lair:5   | Found a staircase to the Slime Pits.
 11406 | Lair:5   | Reached XP level 13. HP: 84/101 MP: 13/13
 11514 | Lair:5   | Noticed an eight-headed hydra
 11527 | Lair:5   | HP: 5/101 [13-headed hydra (1)]
 11528 | Lair:5   | Slain by a 13-headed hydra (11 damage)
 11533 | Lair:5   | Slain by a 16-headed hydra (9 damage)
 11539 | Lair:5   | HP: 2/101 [18-headed hydra (7)]
 11539 | Lair:5   | Slain by an 18-headed hydra (5 damage)
 11544 | Lair:5   | HP: 5/101 [20-headed hydra (2)]
 11544 | Lair:5   | Slain by a 20-headed hydra (9 damage)
 11546 | Lair:5   | Slain by a 20-headed hydra (5 damage)
 11547 | Lair:5   | Killed a 19-headed hydra
 11711 | Lair:5   | HP: 5/101 [acid dragon/splash of acid (18)]
 11846 | Lair:5   | Noticed a fire dragon
 11853 | Lair:5   | Killed from afar by a fire dragon (27 damage)
                  | ... with a blast of flame
 11867 | Lair:5   | Killed from afar by a fire dragon (17 damage)
                  | ... with a blast of flame
 11881 | Lair:5   | HP: 1/102 [fire dragon (11)]
 11882 | Lair:5   | Mangled by a fire dragon (8 damage)
 11890 | Lair:5   | HP: 3/102 [fire dragon/blast of flame (33)]
 11892 | Lair:5   | Slain by a fire dragon (7 damage)
 11894 | Lair:5   | Killed a fire dragon
 11894 | Lair:5   | Reached ****** piety under Okawaru
 11894 | Lair:5   | Received a gift from Okawaru
 12119 | Lair:5   | Identified the +7 flail of Agony {flame, rElec}
 12153 | Lair:5   | Slain by a polar bear (15 damage)
 12160 | Lair:5   | HP: 3/103 [alligator (7)]
 12160 | Lair:5   | Mangled by an alligator (9 damage)
 12303 | Lair:5   | HP: 4/103 [polar bear (5)]
 12303 | Lair:5   | Slain by a polar bear (6 damage)
 12310 | Lair:5   | Reached skill level 10 in Fighting
 12311 | Lair:5   | HP: 2/103 [polar bear (6)]
 12312 | Lair:5   | Mangled by a polar bear (12 damage)
 12376 | Lair:5   | Killed from afar by a hell hound (23 damage)
                  | ... with a blast of flame
 12384 | Lair:5   | Received a gift from Okawaru
 12737 | Lair:4   | Reached XP level 14. HP: 58/110 MP: 14/14
 12802 | Lair:4   | Noticed Josephine
 12831 | Lair:4   | Killed Josephine
 12841 | Lair:4   | HP: 3/107 [catoblepas (10)]
 12842 | Lair:4   | Slain by a catoblepas (10 damage)
                  | ... while petrified by a catoblepas
 12852 | Lair:4   | Slain by a catoblepas (12 damage)
 12863 | Lair:4   | HP: 5/111 [11-headed hydra (2)]
 12863 | Lair:4   | HP: 2/111 [11-headed hydra (2)]
 12863 | Lair:4   | Slain by an 11-headed hydra (3 damage)
 12872 | Lair:4   | HP: 3/111 [11-headed hydra (4)]
 12873 | Lair:4   | Slain by an 11-headed hydra (6 damage)
 12880 | Lair:4   | HP: 5/111 [15-headed hydra (3)]
 12881 | Lair:4   | HP: 1/111 [15-headed hydra (5)]
 12881 | Lair:4   | Slain by a 15-headed hydra (4 damage)
                  | ... while petrified by a catoblepas
 12889 | Lair:4   | Slain by a catoblepas (8 damage)
 12893 | Lair:4   | Slain by an 18-headed hydra (10 damage)
 12898 | Lair:4   | HP: 4/111 [20-headed hydra (4)]
 12898 | Lair:4   | Mangled by a 20-headed hydra (11 damage)
 12900 | Lair:4   | Slain by a 20-headed hydra (5 damage)
 12907 | Lair:4   | HP: 3/111 [20-headed hydra (5)]
 12907 | Lair:4   | Slain by a 20-headed hydra (2 damage)
                  | ... while petrified by a catoblepas
 12913 | Lair:4   | HP: 3/111 [20-headed hydra (7)]
 12914 | Lair:4   | Slain by a 19-headed hydra (6 damage)
 12919 | Lair:4   | HP: 4/111 [19-headed hydra (6)]
 12919 | Lair:4   | HP: 1/111 [19-headed hydra (3)]
 12919 | Lair:4   | Slain by a 19-headed hydra (4 damage)
                  | ... while petrified by a catoblepas
 13893 | Lair:3   | Found a hole to the Spider Nest.
 14668 | Swamp:1  | Entered Level 1 of the Swamp
 14738 | Swamp:1  | Noticed a bunyip
 14751 | Swamp:1  | Noticed Mlioglotl
 14755 | Swamp:1  | Slain by a spriggan rider
                  | ... wielding a +2 spear of venom
                  | (15 damage)
 14762 | Swamp:1  | Slain by a bunyip (25 damage)
 14765 | Swamp:1  | Killed a bunyip
 14765 | Swamp:1  | Received a gift from Okawaru
 14766 | Swamp:1  | Slain by Mlioglotl (15 damage)
 14773 | Swamp:1  | Slain by Mlioglotl (8 damage)
 14775 | Swamp:1  | Noticed a tentacled starspawn
 14776 | Swamp:1  | Noticed a starcursed mass
 14777 | Swamp:1  | HP: 5/111 [Mlioglotl (1)]
 14777 | Swamp:1  | HP: 1/111 [spriggan rider/+0 spear (4)]
 14777 | Swamp:1  | Mangled by Mlioglotl (7 damage)
 14782 | Swamp:1  | Demolished by Mlioglotl (25 damage)
 14791 | Swamp:1  | Noticed a tentacled starspawn
 14792 | Swamp:1  | Slain by an alligator (17 damage)
 14799 | Swamp:1  | HP: 2/111 [tentacled starspawn[Mlioglotl] (16)]
 14799 | Swamp:1  | Slain by an alligator (3 damage)
 14803 | Swamp:1  | Slain by Mlioglotl (17 damage)
 14805 | Swamp:1  | Killed Mlioglotl
 14806 | Swamp:1  | Reached skill level 15 in Axes
 14809 | Swamp:1  | Engulfed by a ghost crab's spectral mist (13 damage)
 15043 | Swamp:1  | Noticed a bunyip
 15062 | Swamp:1  | Killed a bunyip
 15255 | Swamp:1  | HP: 2/109 [11-headed hydra (7)]
 15256 | Swamp:1  | Mangled by a 12-headed hydra (10 damage)
 15265 | Swamp:1  | HP: 5/109 [goliath frog (4)]
 15265 | Swamp:1  | Splashed by a goliath frog's acid (8 damage)
 15269 | Swamp:1  | Splashed by a goliath frog's acid (5 damage)
 15273 | Swamp:1  | Slain by a 20-headed hydra (12 damage)
 15300 | Swamp:1  | Reached skill level 15 in Shields
 15658 | Swamp:1  | Identified the +8 hand crossbow of the Badger {freeze,
                  | +Blink rC+++ Str-5 Int+4} (Okawaru gifted it to you on
                  | level 1 of the Swamp)
 15658 | Swamp:1  | Received a gift from Okawaru
 15659 | Swamp:1  | Reached XP level 15. HP: 88/119 MP: 15/15
 15724 | Swamp:2  | HP: 5/119 [nine-headed hydra (8)]
 15724 | Swamp:2  | Slain by a 12-headed hydra (5 damage)
 15728 | Swamp:2  | HP: 1/119 [12-headed hydra (5)]
 15729 | Swamp:2  | Mangled by a 16-headed hydra (11 damage)
 15732 | Swamp:2  | Mangled by a 16-headed hydra (11 damage)
 15735 | Swamp:2  | HP: 2/119 [19-headed hydra (6)]
 15735 | Swamp:2  | Slain by a 19-headed hydra (4 damage)
 15736 | Swamp:2  | Slain by a 20-headed hydra (12 damage)
 15739 | Swamp:2  | Mangled by a 20-headed hydra (7 damage)
 15745 | Swamp:2  | HP: 5/119 [19-headed hydra (7)]
 15746 | Swamp:2  | Slain by a 19-headed hydra (8 damage)
 15751 | Swamp:2  | HP: 5/119 [20-headed hydra (6)]
 15751 | Swamp:2  | HP: 2/119 [20-headed hydra (1)]
 15751 | Swamp:2  | Mangled by a 20-headed hydra (8 damage)
 16173 | Swamp:2  | HP: 1/119 [13-headed hydra (11)]
 16173 | Swamp:2  | Slain by a tyrant leech (3 damage)
 16176 | Swamp:2  | Slain by a 14-headed hydra (10 damage)
 16182 | Swamp:2  | HP: 5/119 [19-headed hydra (9)]
 16182 | Swamp:2  | HP: 2/119 [19-headed hydra (2)]
 16182 | Swamp:2  | Mangled by a 19-headed hydra (8 damage)
 16186 | Swamp:2  | Slain by a 19-headed hydra (2 damage)
 16604 | Swamp:2  | Splashed by a goliath frog's acid (10 damage)
 16609 | Swamp:2  | Splashed by a goliath frog's acid (8 damage)
 16612 | Swamp:2  | Splashed by a goliath frog's acid (8 damage)
 16615 | Swamp:2  | Slain by a 16-headed hydra (10 damage)
 16617 | Swamp:2  | HP: 5/119 [17-headed hydra (2)]
 16617 | Swamp:2  | Slain by a 17-headed hydra (8 damage)
 16620 | Swamp:2  | Slain by a 19-headed hydra (13 damage)
 16621 | Swamp:2  | Mangled by a goliath frog (18 damage)
 16624 | Swamp:2  | HP: 3/119 [spriggan rider/+0 spear (5)]
 16624 | Swamp:2  | Slain by a 20-headed hydra (4 damage)
 16626 | Swamp:2  | Slain by a 20-headed hydra (11 damage)
 16628 | Swamp:2  | HP: 1/119 [20-headed hydra (13)]
 16628 | Swamp:2  | Slain by a 20-headed hydra (2 damage)
 16629 | Swamp:2  | Slain by a spriggan rider
                  | ... wielding a +0 spear
                  | (14 damage)
 16631 | Swamp:2  | Mangled by a goliath frog (13 damage)
 16632 | Swamp:2  | Mangled by a goliath frog (14 damage)
 16633 | Swamp:2  | Demolished by a spriggan rider
                  | ... wielding a +0 spear
                  | (27 damage)
 16635 | Swamp:2  | Slain by a 19-headed hydra (12 damage)
 16636 | Swamp:2  | HP: 2/119 [19-headed hydra (4)]
 16636 | Swamp:2  | Mangled by a 19-headed hydra (10 damage)
 16637 | Swamp:2  | Slain by a 19-headed hydra (12 damage)
 16637 | Swamp:2  | Slain by a 19-headed hydra (14 damage)
 16638 | Swamp:2  | Slain by a 20-headed hydra (11 damage)
 16639 | Swamp:2  | Slain by a 19-headed hydra (18 damage)
 16640 | Swamp:2  | Demolished by a 19-headed hydra (17 damage)
 16641 | Swamp:2  | HP: 3/119 [spriggan rider/+0 spear (4)]
 16641 | Swamp:2  | Mangled by a 20-headed hydra (13 damage)
 16641 | Swamp:2  | Slain by a 20-headed hydra (11 damage)
 16642 | Swamp:2  | Mangled by a 20-headed hydra (15 damage)
 16643 | Swamp:2  | Slain by a 19-headed hydra (13 damage)
 16650 | Swamp:2  | Slain by a goliath frog (13 damage)
 16656 | Swamp:2  | Slain by a hornet (12 damage)
 16662 | Swamp:2  | HP: 1/119 [acid (7)]
 16663 | Swamp:2  | Mangled by a hornet (11 damage)
 16666 | Swamp:2  | Paralysed by a hornet for 2 turns
 16667 | Swamp:2  | HP: 4/119 [goliath frog (4)]
 16667 | Swamp:2  | Splashed by a goliath frog's acid (7 damage)
                  | ... while paralysed by a hornet
 16674 | Swamp:2  | Mangled by a goliath frog (22 damage)
 16691 | Swamp:2  | Splashed by a goliath frog's acid (7 damage)
 16697 | Swamp:2  | Slain by a goliath frog (27 damage)
 16712 | Swamp:2  | Mangled by a goliath frog (15 damage)
 16729 | Swamp:2  | Slain by a goliath frog (15 damage)
 17109 | Swamp:2  | HP: 4/119 [15-headed hydra (3)]
 17109 | Swamp:2  | Slain by a 15-headed hydra (4 damage)
 17114 | Swamp:2  | HP: 5/119 [18-headed hydra (9)]
 17114 | Swamp:2  | Slain by an 18-headed hydra (9 damage)
 17644 | Swamp:2  | Identified the ring of Cadel {rPois rC+ Will+ AC+4}
 18650 | Swamp:2  | Mangled by a spriggan rider
                  | ... wielding a +0 spear
                  | (19 damage)
 18668 | Swamp:2  | HP: 1/119 [spriggan rider/+0 spear (10)]
 18669 | Swamp:2  | Slain by a goliath frog (2 damage)
 18675 | Swamp:2  | HP: 1/119 [acid (7)]
 18676 | Swamp:2  | Slain by a hornet (5 damage)
 18682 | Swamp:2  | Received a gift from Okawaru
 18683 | Swamp:2  | Mangled by a goliath frog (21 damage)
 18690 | Swamp:2  | HP: 1/119 [spriggan rider/+0 mace of holy wrath (9)]
 18691 | Swamp:2  | Slain by a goliath frog (4 damage)
 18699 | Swamp:2  | Demolished by a goliath frog (22 damage)
 18707 | Swamp:2  | HP: 4/119 [goliath frog (17)]
 18707 | Swamp:2  | Splashed by a goliath frog's acid (7 damage)
 18714 | Swamp:2  | HP: 5/119 [goliath frog (22)]
 18714 | Swamp:2  | Splashed by a goliath frog's acid (10 damage)
 18719 | Swamp:2  | Slain by a spriggan rider
                  | ... wielding a +0 mace of holy wrath
                  | (24 damage)
 18729 | Swamp:2  | HP: 3/119 [goliath frog (14)]
 18729 | Swamp:2  | Splashed by a goliath frog's acid (8 damage)
 18733 | Swamp:2  | Splashed by a goliath frog's acid (10 damage)
 18738 | Swamp:2  | Mangled by a tyrant leech (28 damage)
 18743 | Swamp:2  | HP: 1/119 [acid (10)]
 18743 | Swamp:2  | Demolished by a tyrant leech (17 damage)
 18759 | Swamp:2  | Splashed by a goliath frog's acid (11 damage)
 18769 | Swamp:2  | Demolished by a tyrant leech (33 damage)
 18804 | Swamp:2  | Mangled by a tyrant leech (34 damage)
 18981 | Swamp:3  | Identified the +0 kite shield "Kelatoll" {rPois Dex-5 SInv}
                  | (Okawaru gifted it to you on level 3 of the Swamp)
 18981 | Swamp:3  | Received a gift from Okawaru
 18986 | Swamp:3  | HP: 4/116 [nine-headed hydra (2)]
 18986 | Swamp:3  | Mangled by a spectral fenstrider witch (13 damage)
                  | ... called from beyond by a ghost crab
 18995 | Swamp:3  | Slain by a 15-headed hydra (10 damage)
 19000 | Swamp:3  | HP: 5/112 [17-headed hydra (11)]
 19000 | Swamp:3  | Slain by a 17-headed hydra (5 damage)
 19004 | Swamp:3  | HP: 2/112 [19-headed hydra (5)]
 19006 | Swamp:3  | Slain by a 19-headed hydra (4 damage)
 19326 | Swamp:3  | HP: 4/118 [seven-headed hydra (11)]
 19326 | Swamp:3  | HP: 1/118 [swamp worm (3)]
 19328 | Swamp:3  | Killed from afar by a swamp worm (8 damage)
                  | ... with a harpoon shot
 19340 | Swamp:3  | HP: 5/120 [swamp worm (8)]
 19342 | Swamp:3  | Demolished by a bunyip (24 damage)
 19349 | Swamp:3  | Slain by a swamp worm (16 damage)
 19356 | Swamp:3  | Mangled by a bunyip (20 damage)
 19357 | Swamp:3  | Upgraded the game from 0.30-a0-1094-g860fb061e7 to
                  | 0.30-a0-1103-g25895a7845
 19362 | Swamp:3  | HP: 5/120 [eleionoma (8)]
 19363 | Swamp:3  | Mangled by a tyrant leech (16 damage)
 19371 | Swamp:3  | HP: 5/120 [bunyip (13)]
 19372 | Swamp:3  | Slain by a swamp worm (7 damage)
 19379 | Swamp:3  | Slain by a swamp worm (16 damage)
 19427 | Swamp:3  | Killed from afar by an eleionoma (29 damage)
                  | ... with a spray of wooden splinters
 19853 | Swamp:4  | Entered Level 4 of the Swamp
 19892 | Swamp:4  | HP: 6/120 [spriggan druid/+0 quarterstaff (9)]
 19892 | Swamp:4  | Slain by an alligator (6 damage)
 19914 | Swamp:4  | Mangled by an alligator (20 damage)
                  | ... called by a spriggan druid
 19917 | Swamp:4  | Annihilated by an alligator (35 damage)
                  | ... called by a spriggan druid
 19919 | Swamp:4  | HP: 2/120 [ten-headed hydra[a spriggan druid] (19)]
 19919 | Swamp:4  | Demolished by a ten-headed hydra (19 damage)
                  | ... called by a spriggan druid
 19921 | Swamp:4  | Slain by a goliath frog (26 damage)
                  | ... called by a spriggan druid
 19924 | Swamp:4  | HP: 2/120 [alligator[a spriggan druid] (9)]
 19924 | Swamp:4  | Slain by a 13-headed hydra (5 damage)
                  | ... called by a spriggan druid
 19927 | Swamp:4  | Slain by a 13-headed hydra (7 damage)
                  | ... called by a spriggan druid
 19930 | Swamp:4  | HP: 4/120 [14-headed hydra[a spriggan druid] (5)]
 19930 | Swamp:4  | Slain by a 14-headed hydra (6 damage)
                  | ... called by a spriggan druid
 19932 | Swamp:4  | Slain by a 14-headed hydra (6 damage)
                  | ... called by a spriggan druid
 19933 | Swamp:4  | Mangled by a 14-headed hydra (11 damage)
                  | ... called by a spriggan druid
 19935 | Swamp:4  | HP: 1/120 [goliath frog[a spriggan druid] (13)]
 19935 | Swamp:4  | Splashed by a goliath frog's acid (6 damage)
                  | ... called by a spriggan druid
 19937 | Swamp:4  | Slain by a 15-headed hydra (7 damage)
                  | ... called by a spriggan druid
 19939 | Swamp:4  | Slain by a 16-headed hydra (7 damage)
                  | ... called by a spriggan druid
 19940 | Swamp:4  | HP: 5/120 [16-headed hydra[a spriggan druid] (11)]
 19940 | Swamp:4  | HP: 1/120 [16-headed hydra[a spriggan druid] (4)]
 19940 | Swamp:4  | Slain by an alligator (2 damage)
                  | ... called by a spriggan druid
 19942 | Swamp:4  | Mangled by a 17-headed hydra (13 damage)
                  | ... called by a spriggan druid
 19943 | Swamp:4  | Slain by an 18-headed hydra (6 damage)
                  | ... called by a spriggan druid
 19944 | Swamp:4  | Demolished by an alligator (26 damage)
                  | ... called by a spriggan druid
 19945 | Swamp:4  | Slain by a goliath frog (20 damage)
                  | ... called by a spriggan druid
 19947 | Swamp:4  | HP: 6/120 [18-headed hydra[a spriggan druid] (2)]
 19947 | Swamp:4  | Mangled by an 18-headed hydra (14 damage)
                  | ... called by a spriggan druid
 19948 | Swamp:4  | HP: 1/120 [18-headed hydra[a spriggan druid] (11)]
 19948 | Swamp:4  | Mangled by an 18-headed hydra (13 damage)
                  | ... called by a spriggan druid
 19949 | Swamp:4  | Slain by a 19-headed hydra (11 damage)
                  | ... called by a spriggan druid
 19949 | Swamp:4  | Mangled by a goliath frog (26 damage)
                  | ... called by a spriggan druid
 19950 | Swamp:4  | Mangled by a 19-headed hydra (16 damage)
                  | ... called by a spriggan druid
 19951 | Swamp:4  | Slain by a 19-headed hydra (7 damage)
                  | ... called by a spriggan druid
 19952 | Swamp:4  | Slain by a 19-headed hydra (7 damage)
                  | ... called by a spriggan druid
 19953 | Swamp:4  | Slain by a 19-headed hydra (16 damage)
                  | ... called by a spriggan druid
 19972 | Swamp:4  | Engulfed by a ghost crab's spectral mist (17 damage)
 19975 | Swamp:4  | HP: 5/117 [spectral fenstrider witch[a ghost crab] (10)]
 19975 | Swamp:4  | Slain by a spectral fenstrider witch (8 damage)
                  | ... called from beyond by a ghost crab
 19979 | Swamp:4  | Engulfed by a ghost crab's spectral mist (16 damage)
 19983 | Swamp:4  | HP: 4/94 [ghost crab] (6)]
 19984 | Swamp:4  | Engulfed by a ghost crab's spectral mist (18 damage)
 19986 | Swamp:4  | HP: 1/87 [spectral four-headed hydra[a ghost crab] (11)]
 19986 | Swamp:4  | Mangled by a spectral four-headed hydra (7 damage)
                  | ... called from beyond by a ghost crab
 19988 | Swamp:4  | Slain by a spectral four-headed hydra (11 damage)
                  | ... called from beyond by a ghost crab
 19991 | Swamp:4  | HP: 2/70 [ghost crab (11)]
 19991 | Swamp:4  | Slain by a ghost crab (5 damage)
 19996 | Swamp:4  | HP: 1/63 [spectral fenstrider witch[a ghost crab] (9)]
 19996 | Swamp:4  | Slain by a spectral fenstrider witch (1 damage)
                  | ... called from beyond by a ghost crab
 20004 | Swamp:4  | HP: 1/54 [ghost crab] (5)]
 20004 | Swamp:4  | Slain by a spectral fenstrider witch (3 damage)
                  | ... called from beyond by a ghost crab
 20182 | Swamp:4  | Slain by a 19-headed hydra (8 damage)
                  | ... called by a spriggan druid
 20335 | Swamp:4  | Identified a scroll of acquirement
 20335 | Swamp:4  | Acquired the ring of Jibrihi {rF+ Int+5 Dex-2 Slay+4}
 20360 | Swamp:4  | HP: 3/66 [spriggan rider/+0 spear (17)]
 20363 | Swamp:4  | Engulfed by a ghost crab's spectral mist (8 damage)
 20370 | Swamp:4  | Killed from afar by an eleionoma (50 damage)
                  | ... with a spray of wooden splinters
 20377 | Swamp:4  | HP: 3/72 [tyrant leech (7)]
 20381 | Swamp:4  | Mangled by a tyrant leech (19 damage)
 20413 | Swamp:4  | HP: 1/72 [spriggan/+0 spear (6)]
 20414 | Swamp:4  | Slain by a spriggan
                  | ... wielding a +0 spear
                  | (6 damage)
 20434 | Swamp:4  | HP: 1/77 [eleionoma/spray of wooden splinters (8)]
 20434 | Swamp:4  | Slain by an alligator (2 damage)
 20467 | Swamp:4  | Reached XP level 16. HP: 65/93 MP: 16/16
 20530 | Swamp:4  | Noticed a thorn hunter
 20558 | Swamp:4  | Killed a thorn hunter
 20580 | Swamp:4  | Noticed Bai Suzhen
 20587 | Swamp:4  | Slain by a 13-headed hydra (7 damage)
                  | ... summoned by Bai Suzhen
 20588 | Swamp:4  | Noticed Nikola
 20592 | Swamp:4  | HP: 1/103 [nine-headed hydra[Bai Suzhen] (5)]
 20592 | Swamp:4  | Slain by a nine-headed hydra (2 damage)
                  | ... summoned by Bai Suzhen
 20598 | Swamp:4  | Slain by a 13-headed hydra (6 damage)
                  | ... summoned by Bai Suzhen
 20599 | Swamp:4  | HP: 1/103 [14-headed hydra[Bai Suzhen] (7)]
 20599 | Swamp:4  | Mangled by a 12-headed hydra (12 damage)
                  | ... summoned by Bai Suzhen
 20602 | Swamp:4  | Slain by a 16-headed hydra (10 damage)
                  | ... summoned by Bai Suzhen
 20605 | Swamp:4  | Killed Bai Suzhen
 20610 | Swamp:4  | HP: 1/116 [Nikola/arc of chain lightning (33)]
 20611 | Swamp:4  | Mangled by Nikola
                  | ... wielding a +2 rapier of electrocution
                  | (15 damage)
 20622 | Swamp:4  | HP: 1/116 [Nikola/+2 rapier of electrocution (12)]
 20622 | Swamp:4  | Slain by Nikola
                  | ... wielding a +2 rapier of electrocution
                  | (1 damage)
 20624 | Swamp:4  | Killed from afar by Nikola (46 damage)
                  | ... with an arc of chain lightning
 20627 | Swamp:4  | Killed from afar by Nikola (20 damage)
                  | ... with an arc of chain lightning
 20646 | Swamp:4  | HP: 2/116 [Nikola/+2 rapier of electrocution (15)]
 20647 | Swamp:4  | Killed from afar by Nikola (36 damage)
                  | ... with a bolt of lightning
 20662 | Swamp:4  | Killed from afar by Nikola (35 damage)
                  | ... with a bolt of lightning
 20675 | Swamp:4  | Killed from afar by Nikola (43 damage)
                  | ... with a bolt of lightning
 20676 | Swamp:4  | Killed Nikola
 20676 | Swamp:4  | Identified the +0 scale mail "Sycwas" {rF+ rC++} (Okawaru
                  | gifted it to you on level 4 of the Swamp)
 20676 | Swamp:4  | Received a gift from Okawaru
 20872 | Swamp:4  | HP: 2/128 [five-headed hydra simulacrum (10)]
 20874 | Swamp:4  | Slain by a six-headed hydra simulacrum (6 damage)
 20925 | Swamp:4  | Got a decaying rune of Zot
 20983 | Swamp:4  | Identified Roxanne's Secrets of Changing
 20983 | Swamp:4  | Noticed Roxanne
 21047 | Swamp:4  | Killed Roxanne
 22010 | Spider:1 | Entered Level 1 of the Spider Nest
 22045 | Spider:1 | HP: 2/129 [wolf spider (5)]
 22045 | Spider:1 | Slain by an entropy weaver (4 damage)
 22053 | Spider:1 | Slain by a wolf spider (14 damage)
 22063 | Spider:1 | Slain by an entropy weaver (10 damage)
 22072 | Spider:1 | Slain by an entropy weaver (13 damage)
 22075 | Spider:1 | Succumbed to a redback's poison
 22078 | Spider:1 | HP: 3/129 [entropy weaver (4)]
 22079 | Spider:1 | Succumbed to a redback's poison
 22083 | Spider:1 | HP: 6/129 [entropy weaver (2)]
 22083 | Spider:1 | HP: 2/129 [entropy weaver (4)]
 22083 | Spider:1 | Mangled by a jumping spider (8 damage)
 22092 | Spider:1 | HP: 4/129 [entropy weaver (10)]
 22092 | Spider:1 | Slain by an entropy weaver (4 damage)
 22101 | Spider:1 | HP: 1/129 [entropy weaver (8)]
 22101 | Spider:1 | Slain by an entropy weaver (3 damage)
 22111 | Spider:1 | HP: 5/129 [entropy weaver (6)]
 22112 | Spider:1 | Slain by an entropy weaver (7 damage)
 22126 | Spider:1 | Slain by a jumping spider (19 damage)
 22301 | Spider:1 | Reached skill level 15 in Armour
 22612 | Spider:1 | Noticed Donald
 22622 | Spider:1 | HP: 4/129 [wolf spider (19)]
 22622 | Spider:1 | Demolished by a wolf spider (24 damage)
 22628 | Spider:1 | HP: 6/193 [Donald/+0 broad axe (19)]
 22629 | Spider:1 | Slain by a moth of wrath (11 damage)
 22634 | Spider:1 | Mangled by Donald
                  | ... wielding a +0 broad axe
                  | (34 damage)
 22637 | Spider:1 | Mangled by Donald
                  | ... wielding a +0 broad axe
                  | (22 damage)
 22640 | Spider:1 | Demolished by Donald
                  | ... wielding a +0 broad axe
                  | (28 damage)
 22646 | Spider:1 | HP: 3/122 [Donald/+0 broad axe (19)]
 22647 | Spider:1 | Mangled by a pharaoh ant (11 damage)
 22657 | Spider:1 | Slain by a jumping spider (17 damage)
 22659 | Spider:1 | Killed Donald
 22711 | Spider:1 | HP: 1/127 [disintegration (40)]
 22712 | Spider:1 | Blown up by an orb spider (6 damage)
                  | ... with a wavering orb of destruction
 22756 | Spider:1 | Received a gift from Okawaru
 22799 | Spider:1 | HP: 6/129 [disintegration (47)]
 22805 | Spider:1 | Blown up by an orb spider (28 damage)
                  | ... with a wavering orb of destruction
 23543 | Spider:2 | Reached skill level 1 in Stealth
 23543 | Spider:2 | Reached XP level 17. HP: 129/133 MP: 17/17
 23688 | Spider:2 | Identified the ring "Quepefig" {Wiz *Corrode rElec Int+3}
 24244 | Spider:3 | Slain by an entropy weaver (11 damage)
 24253 | Spider:3 | HP: 3/136 [entropy weaver (7)]
 24253 | Spider:3 | Mangled by an entropy weaver (11 damage)
 24265 | Spider:3 | Slain by an entropy weaver (11 damage)
 24268 | Spider:3 | HP: 1/136 [entropy weaver (12)]
 24268 | Spider:3 | Mangled by a tarantella (8 damage)
 24277 | Spider:3 | HP: 6/136 [radroach (3)]
 24277 | Spider:3 | Mangled by an entropy weaver (14 damage)
 24281 | Spider:3 | HP: 1/136 [entropy weaver (5)]
 24281 | Spider:3 | Slain by an entropy weaver (1 damage)
 24284 | Spider:3 | Slain by a radroach (22 damage)
 24287 | Spider:3 | HP: 5/136 [radroach (13)]
 24288 | Spider:3 | Annihilated by a boulder beetle (47 damage)
 24294 | Spider:3 | HP: 5/136 [boulder beetle (5)]
 24295 | Spider:3 | Slain by a radroach (9 damage)
 24304 | Spider:3 | Slain by a boulder beetle (18 damage)
 24311 | Spider:3 | Mangled by a radroach (41 damage)
 24320 | Spider:3 | Slain by a radroach (13 damage)
 24320 | Spider:3 | Gained mutation: Armour fits poorly on your strangely
                  | shaped body. [mutagenic glow]
 24330 | Spider:3 | Slain by a radroach (20 damage)
 24345 | Spider:3 | Gained mutation: Your body sometimes deteriorates upon
                  | taking damage. [mutagenic glow]
 24659 | Spider:3 | Identified the +2 quarterstaff "Kuybbapp" {flame, Will+}
 24885 | Spider:3 | HP: 6/136 [jumping spider (3)]
 24885 | Spider:3 | Slain by a ghost moth (8 damage)
 24894 | Spider:3 | Identified the scarf of the Frog {+Inv, rPois Dex+5}
                  | (Okawaru gifted it to you on level 3 of the Spider Nest)
 24894 | Spider:3 | Received a gift from Okawaru
 25326 | Spider:4 | Entered Level 4 of the Spider Nest
 25344 | Spider:4 | Slain by a jorogumo (15 damage)
 25350 | Spider:4 | Paralysed by a jorogumo for 2 turns
 25720 | Spider:4 | Gained mutation: You occasionally lose the ability to drink
                  | potions when taking damage. [mutagenic glow]
 26238 | Spider:4 | HP: 5/132 [jumping spider (8)]
 26238 | Spider:4 | Mangled by a broodmother (12 damage)
 26394 | Spider:4 | Slain by an emperor scorpion (10 damage)
 26419 | Spider:4 | HP: 3/137 [broodmother (10)]
 26420 | Spider:4 | Demolished by a broodmother (23 damage)
 26442 | Spider:4 | HP: 5/137 [wolf spider (5)]
 26454 | Spider:4 | HP: 4/137 [redback[a broodmother] (7)]
 26457 | Spider:4 | Slain by a broodmother (11 damage)
 26933 | Spider:4 | Demolished by a radroach (46 damage)
 26941 | Spider:4 | Gained mutation: You are weak. (Str -2) [mutagenic glow]
 26949 | Spider:4 | Gained mutation: You are very weak. (Str -4) [mutagenic
                  | glow]
 27093 | Spider:4 | HP: 4/135 [culicivora (10)]
 27094 | Spider:4 | Slain by a culicivora (5 damage)
 27143 | Spider:4 | Reached XP level 18. HP: 21/143 MP: 18/18
 27696 | Spider:4 | Received a gift from Okawaru
 27802 | Spider:4 | HP: 2/142 [disintegration (51)]
 27812 | Spider:4 | Slain by a broodmother simulacrum (14 damage)
 28445 | Spider:4 | Mangled by a broodmother (20 damage)
 28465 | Spider:4 | HP: 5/135 [jorogumo/bolt of negative energy (26)]
 28894 | Spider:4 | Got a gossamer rune of Zot
 29643 | Orc:1    | Entered Level 1 of the Orcish Mines
 29776 | Orc:1    | Noticed Urug
 29791 | Orc:1    | Killed Urug
 29800 | Orc:1    | Found Erchi's Antique Weapon Boutique.
 30316 | Orc:1    | Noticed Harold
 30331 | Orc:1    | Killed Harold
 30570 | Orc:1    | Identified the +0 battleaxe "Qeuliamo" {speed, Drain Int+8
                  | Dex+4}
 30581 | Orc:1    | Reached skill level 5 in Stealth
 30886 | Orc:2    | Entered Level 2 of the Orcish Mines
 30926 | Orc:2    | Noticed Erolcha
 30947 | Orc:2    | Killed Erolcha
 31112 | Orc:2    | Noticed jasper's ghost (journeyman DjVM)
 31115 | Orc:2    | Found a runed translucent door.
 31243 | Orc:2    | Found a staircase to the Elven Halls.
 31354 | Orc:2    | Noticed Maurice
 31370 | Orc:2    | Killed Maurice
 31577 | Orc:2    | Found Zaegauc's CLEARANCE SALE!.
 31582 | Orc:2    | Bought a scroll of acquirement for 312 gold pieces
 31584 | Orc:2    | Acquired the ring of Onaz {Fly rF+ Str+4 Dex+4}
 31651 | Orc:2    | Reached skill level 1 in Maces & Flails
 31660 | Orc:2    | Identified the +0 chain mail of Amorality {rF+ rC++}
                  | (Okawaru gifted it to you on level 2 of the Orcish Mines)
 31660 | Orc:2    | Received a gift from Okawaru
 31668 | Orc:2    | Killed by divine providence
                  | ... invoked by an orc priest
                  | (16 damage)
 31680 | Orc:2    | Slain by a sun demon (19 damage)
                  | ... summoned by an orc high priest
 31690 | Orc:2    | Found Igiegug's Assorted Antiques.
 31690 | Orc:2    | Found Joqy's Book Emporium.
 31973 | Orc:2    | Found Zuteovun's Distillery.
 31973 | Orc:2    | Found Poosmal's Weapon Emporium.
 32318 | D:11     | Found Zyamoz's Antique Armour Emporium.
 33486 | D:12     | Found a bloodstained altar of Trog.
 34730 | D:13     | Found a stormy altar of Qazlal.
 35189 | D:14     | Reached XP level 19. HP: 147/153 MP: 19/19
 35502 | D:14     | HP: 4/153 [skeletal warrior/+0 halberd (16)]
 35504 | D:14     | Slain by a skeletal warrior
                  | ... wielding a +0 war axe
                  | (3 damage)
 35530 | D:14     | Slain by a skeletal warrior
                  | ... wielding a +0 trident
                  | (17 damage)
 35549 | D:14     | Identified the +2 buckler of Qyomp {rPois Str-3 Dex-3 SInv}
                  | (Okawaru gifted it to you on level 14 of the Dungeon)
 35549 | D:14     | Received a gift from Okawaru
 35642 | D:14     | Found a gate to the Vaults.
 35804 | D:15     | Entered Level 15 of the Dungeon
 36550 | D:15     | Noticed Agnes
 36571 | D:15     | Killed Agnes
 36672 | D:15     | HP: 5/154 [large slime creature (8)]
 36673 | D:15     | Slain by a 12-headed hydra (11 damage)
 36686 | D:15     | HP: 6/154 [18-headed hydra (5)]
 36688 | D:15     | Slain by an 18-headed hydra (7 damage)
 36825 | D:15     | Noticed Rupert
 36855 | D:15     | Killed Rupert
 36942 | D:15     | Found a staircase to the Depths.
 37290 | Depths:1 | Entered Level 1 of the Depths
 37290 | Depths:1 | Found a corrupted altar of Lugonu.
 37290 | Depths:1 | Found a one-way gate to the infinite horrors of the Abyss.
 37300 | Depths:1 | Killed from afar by a tengu reaver (43 damage)
                  | ... with a bolt of negative energy
 37317 | Depths:1 | HP: 5/137 [tengu warrior/+3 great sword of electrocution
                  | (3)]
 37320 | Depths:1 | Killed from afar by a tengu reaver (22 damage)
                  | ... with a bolt of fire
 37327 | Depths:1 | Reached skill level 15 in Fighting
 37337 | Depths:1 | HP: 2/146 [fire dragon (7)]
 37338 | Depths:1 | Slain by a deep troll (3 damage)
 37365 | Depths:1 | HP: 1/152 [deep troll (12)]
 37365 | Depths:1 | Slain by a deep troll (6 damage)
 37399 | Depths:1 | HP: 4/155 [something (5)]
 37402 | Depths:1 | Killed from afar by a wizard (21 damage)
                  | ... with a fireball
 37422 | Depths:1 | Mangled by a spark wasp (16 damage)
 37432 | Depths:1 | Slain by a spark wasp (16 damage)
 37452 | Depths:1 | Received a gift from Okawaru
 37683 | Depths:1 | Found Mayff's Distillery.
 37685 | Depths:1 | Found Huxeset's Armour Shoppe.
 37685 | Depths:1 | Found Buq Lath's Weapon Emporium.
 37691 | Depths:1 | Found Gudenoigh's Magic Scroll Emporium.
 37710 | Depths:1 | Bought the +3 war axe "Deristaz" {heavy, Int+2} for 552
                  | gold pieces
 37807 | Depths:1 | Splashed by a brown very ugly thing's acid (9 damage)
 38548 | Depths:1 | Upgraded the game from 0.30-a0-1103-g25895a7845 to
                  | 0.30-a0-1112-gfb780f5df6
 38551 | Depths:1 | Gained mutation: You occasionally shout uncontrollably at
                  | your foes. [a neqoxec]
 38555 | Depths:1 | Killed by divine providence
                  | ... invoked by a smoke demon
                  | (13 damage)
 38572 | Depths:1 | Found a gateway to Hell.
 38661 | Depths:1 | Reached XP level 20. HP: 144/162 MP: 20/20
 39099 | Depths:2 | Slain by a stone giant (17 damage)
 39111 | Depths:2 | Slain by a cyan very ugly thing (18 damage)
 39116 | Depths:2 | Mangled by a spriggan defender
                  | ... wielding a +2 rapier of holy wrath
                  | (22 damage)
 39125 | Depths:2 | Identified the +6 chain mail of the Shimmering Gods {Will+}
                  | (Okawaru gifted it to you on level 2 of the Depths)
 39125 | Depths:2 | Received a gift from Okawaru
 39129 | Depths:2 | HP: 4/163 [tengu conjurer/bolt of lightning (6)]
 39354 | Depths:2 | HP: 4/163 [fire dragon/blast of flame (18)]
 39357 | Depths:2 | HP: 1/163 [fire dragon/blast of flame (5)]
 39359 | Depths:2 | Slain by an ice dragon (6 damage)
 39449 | Depths:2 | HP: 7/163 [something (5)]
 39451 | Depths:2 | Slain by a vampire knight
                  | ... wielding a +0 broad axe
                  | (6 damage)
 39824 | Depths:2 | Slain by a hell knight
                  | ... wielding a +3 demon blade
                  | (18 damage)
 39833 | Depths:2 | HP: 4/163 [hell knight/+3 demon blade (18)]
 39834 | Depths:2 | Engulfed by a ghost moth (glowing shapeshifter)'s flame (5
                  | damage)
 39853 | Depths:2 | HP: 8/163 [something (9)]
 39855 | Depths:2 | HP: 3/163 [spriggan air mage/the air (2)]
 39856 | Depths:2 | HP: 1/163 [something (2)]
 39857 | Depths:2 | Engulfed by a cloud of flame (2 damage)
 40167 | Depths:2 | Found Bennio's Antique Armour Shoppe.
 40172 | Depths:2 | Bought a crude helmet for 313 gold pieces
 40172 | Depths:2 | Identified the -2 helmet of Pudanyd {Regen+} (You bought it
                  | in a shop on level 2 of the Depths)
 41062 | Depths:2 | Noticed Mara
 41074 | Depths:2 | Noticed GigaChad's illusion
 41092 | Depths:2 | HP: 3/134 [GigaChad's illusion (illusionary)[Mara] (15)]
 41093 | Depths:2 | Mangled by Mara (illusionary)
                  | ... wielding a +5 demon trident of draining
                  | (15 damage)
 41105 | Depths:2 | HP: 3/107 [Mara (illusionary)/+5 demon trident of draining
                  | (26)]
 41105 | Depths:2 | Mangled by Mara (illusionary)
                  | ... wielding a +5 demon trident of draining
                  | (13 damage)
 41114 | Depths:2 | HP: 4/89 [GigaChad's illusion (illusionary)[Mara] (24)]
 41116 | Depths:2 | Mangled by GigaChad's illusion (illusionary) (16 damage)
                  | ... woven by Mara
 41122 | Depths:2 | Mangled by Mara (illusionary)
                  | ... wielding a +5 demon trident of draining
                  | (16 damage)
 41128 | Depths:2 | Lost dexterity.
 41129 | Depths:2 | HP: 1/55 [Mara (illusionary)/+5 demon trident of draining
                  | (18)]
 41129 | Depths:2 | Slain by Mara (illusionary)
                  | ... wielding a +5 demon trident of draining
                  | (4 damage)
                  | ... while paralysed
 41131 | Depths:2 | Mangled by GigaChad's illusion (illusionary) (22 damage)
                  | ... woven by Mara
 41132 | Depths:2 | Mangled by Mara (illusionary)
                  | ... wielding a +5 demon trident of draining
                  | (12 damage)
 41133 | Depths:2 | Killed from afar by Mara (22 damage)
                  | ... with a bolt of fire
 41137 | Depths:2 | Slain by Mara (illusionary)
                  | ... wielding a +5 demon trident of draining
                  | (20 damage)
 41139 | Depths:2 | Killed from afar by Mara (illusionary) (22 damage)
                  | ... with a bolt of fire
 41140 | Depths:2 | Slain by GigaChad's illusion (illusionary) (17 damage)
                  | ... woven by Mara
 41140 | Depths:2 | Mangled by Mara (illusionary)
                  | ... wielding a +5 demon trident of draining
                  | (23 damage)
 41140 | Depths:2 | Demolished by GigaChad's illusion (illusionary) (22 damage)
                  | ... woven by Mara
 41140 | Depths:2 | Slain by Mara (illusionary)
                  | ... wielding a +5 demon trident of draining
                  | (8 damage)
 41140 | Depths:2 | Slain by Mara (illusionary)
                  | ... wielding a +5 demon trident of draining
                  | (3 damage)
 41140 | Depths:2 | Demolished by Mara (illusionary)
                  | ... wielding a +5 demon trident of draining
                  | (23 damage)
 41140 | Depths:2 | Mangled by Mara (illusionary)
                  | ... wielding a +5 demon trident of draining
                  | (11 damage)
 41141 | Depths:2 | Mangled by Mara (illusionary)
                  | ... wielding a +5 demon trident of draining
                  | (9 damage)
 41141 | Depths:2 | Slain by Mara (illusionary)
                  | ... wielding a +5 demon trident of draining
                  | (4 damage)
 41142 | Depths:2 | Mangled by Mara (illusionary)
                  | ... wielding a +5 demon trident of draining
                  | (9 damage)
 41142 | Depths:2 | Slain by Mara (illusionary)
                  | ... wielding a +5 demon trident of draining
                  | (2 damage)
 41143 | Depths:2 | Noticed GigaChad's illusion
 41144 | Depths:2 | Demolished by Mara (illusionary)
                  | ... wielding a +5 demon trident of draining
                  | (18 damage)
 41144 | Depths:2 | Slain by Mara (illusionary)
                  | ... wielding a +5 demon trident of draining
                  | (4 damage)
 41145 | Depths:2 | Slain by Mara
                  | ... wielding a +5 demon trident of draining
                  | (2 damage)
 41145 | Depths:2 | Slain by Mara
                  | ... wielding a +5 demon trident of draining
                  | (1 damage)
 41146 | Depths:2 | Mangled by Mara (illusionary)
                  | ... wielding a +5 demon trident of draining
                  | (13 damage)
 41146 | Depths:2 | Slain by Mara (illusionary)
                  | ... wielding a +5 demon trident of draining
                  | (4 damage)
 41147 | Depths:2 | Annihilated by Mara (illusionary)
                  | ... wielding a +5 demon trident of draining
                  | (23 damage)
 41147 | Depths:2 | Slain by Mara (illusionary)
                  | ... wielding a +5 demon trident of draining
                  | (2 damage)
 41147 | Depths:2 | Mangled by GigaChad's illusion (illusionary) (11 damage)
                  | ... woven by Mara
 41147 | Depths:2 | Slain by Mara (illusionary)
                  | ... wielding a +5 demon trident of draining
                  | (6 damage)
 41147 | Depths:2 | Slain by Mara (illusionary)
                  | ... wielding a +5 demon trident of draining
                  | (1 damage)
 41148 | Depths:2 | Mangled by Mara (illusionary)
                  | ... wielding a +5 demon trident of draining
                  | (12 damage)
 41148 | Depths:2 | Slain by Mara (illusionary)
                  | ... wielding a +5 demon trident of draining
                  | (1 damage)
 41148 | Depths:2 | Slain by GigaChad's illusion (illusionary) (5 damage)
                  | ... woven by Mara
 41149 | Depths:2 | Mangled by GigaChad's illusion (illusionary) (9 damage)
                  | ... woven by Mara
 41150 | Depths:2 | Slain by Mara
                  | ... wielding a +5 demon trident of draining
                  | (4 damage)
 41150 | Depths:2 | Slain by Mara
                  | ... wielding a +5 demon trident of draining
                  | (1 damage)
 41151 | Depths:2 | Slain by Mara (illusionary)
                  | ... wielding a +5 demon trident of draining
                  | (2 damage)
 41151 | Depths:2 | Mangled by GigaChad's illusion (illusionary) (10 damage)
                  | ... woven by Mara
 41151 | Depths:2 | Slain by Mara
                  | ... wielding a +5 demon trident of draining
                  | (3 damage)
 41151 | Depths:2 | Slain by Mara
                  | ... wielding a +5 demon trident of draining
                  | (1 damage)
 41151 | Depths:2 | Mangled by Mara (illusionary)
                  | ... wielding a +5 demon trident of draining
                  | (11 damage)
 41151 | Depths:2 | Slain by Mara (illusionary)
                  | ... wielding a +5 demon trident of draining
                  | (1 damage)
 41152 | Depths:2 | Mangled by Mara (illusionary)
                  | ... wielding a +5 demon trident of draining
                  | (12 damage)
 41153 | Depths:2 | Mangled by Mara (illusionary)
                  | ... wielding a +5 demon trident of draining
                  | (10 damage)
 41153 | Depths:2 | Slain by Mara (illusionary)
                  | ... wielding a +5 demon trident of draining
                  | (3 damage)
 41153 | Depths:2 | Demolished by GigaChad's illusion (illusionary) (21 damage)
                  | ... woven by Mara
 41154 | Depths:2 | Mangled by Mara (illusionary)
                  | ... wielding a +5 demon trident of draining
                  | (7 damage)
 41154 | Depths:2 | Slain by Mara (illusionary)
                  | ... wielding a +5 demon trident of draining
                  | (3 damage)
 41154 | Depths:2 | Annihilated by Mara (illusionary)
                  | ... wielding a +5 demon trident of draining
                  | (27 damage)
 41154 | Depths:2 | Mangled by Mara (illusionary)
                  | ... wielding a +5 demon trident of draining
                  | (11 damage)
 41154 | Depths:2 | Demolished by GigaChad's illusion (illusionary) (15 damage)
                  | ... woven by Mara
 41154 | Depths:2 | Annihilated by Mara (illusionary)
                  | ... wielding a +5 demon trident of draining
                  | (26 damage)
 41154 | Depths:2 | Slain by Mara (illusionary)
                  | ... wielding a +5 demon trident of draining
                  | (1 damage)
 41155 | Depths:2 | Demolished by GigaChad's illusion (illusionary) (20 damage)
                  | ... woven by Mara
 41155 | Depths:2 | Mangled by Mara (illusionary)
                  | ... wielding a +5 demon trident of draining
                  | (13 damage)
 41155 | Depths:2 | Slain by Mara (illusionary)
                  | ... wielding a +5 demon trident of draining
                  | (4 damage)
 41155 | Depths:2 | Killed from afar by a fire dragon (10 damage)
                  | ... with a blast of flame
 41156 | Depths:2 | Quit the game

Illustrated notes

Levels and vault maps discovered:
D:1:      dpeg_arrival_chambers_temple_mockup, layout_rooms, serial_bayou_lake_a
D:2:      layout_loops_cross, minivault_19, kennysheep_generic_room_16
D:3:      layout_rooms, uniq_crazy_yiuf_cottage, uniq_jessica
D:4:      layout_gridville, minmay_temple_entry_mini_moons, st_stairs_10,
          serial_bayou_pond_a, minmay_ruptured
D:5:      layout_loops_ring, lemuel_doored_altar, minmay_misc_feat_diagonals
D:6:      layout_rooms, zin_statuary, minmay_overflow_temple_star_quad,
          minivault_27, kennysheep_generic_room_14
D:7:      layout_basic, nzn_wu_jian_contemplation, grunt_gozag_breadcrumbs,
          st_stairs_8
D:8:      layout_rooms, gammafunk_temple_overflow_pools
D:9:      layout_stronghold, mainiacjoe_overflow_alcove_1
D:10:     layout_loops_cross, erik_lair_island, orc_0_dummy
D:11:     layout_cave_pods, serial_shops, shop
D:12:     layout_cave_pods, trog_three_pillars_becter
D:13:     layout_stronghold, nicolae_qazlal_eye_of_the_storm
D:14:     layout_loops_cross, david_vaults_5, serial_ice, serial_ice_d,
          serial_ice_b, serial_ice_n, serial_ice_j, serial_ice_c, serial_ice_g,
          serial_ice_h, serial_ice_f, serial_ice_e, serial_ice_a
D:15:     hangedman_depths_entry_try_elsewhere_first, layout_basic, uniq_agnes,
          uniq_rupert
Temple:   minmay_temple_forest_path
Lair:1:   layout_cave_shapes, portal_ice_cave_entry_pillars_1,
          serial_bayou_shore_b
Lair:2:   layout_layer_cave, palyth_hydra_swamp_entry,
          dreamdust_mushroom_princess, grunt_megastairs_4
Lair:3:   layout_roguey, nicolae_spider_entry_lesser_pyramids,
          grunt_megastairs_3
Lair:4:   layout_misc_corridors, chequers_serial_rivers_marsh, uniq_josephine
Lair:5:   guppyfry_lair_end_dragon, layout_hall_layers,
          hangedman_lair_caniforms_friends, nicolae_slime_entry_field_trip,
          infiniplex_staircase_pool_2
Swamp:1:  layout_falls_marsh, nicolae_swamp_long_stream, uniq_mlioglotl
Swamp:2:  layout_falls_marsh, serial_swamp_ruin, evilmike_swamp_ruin_house_6,
          hangedman_swamp_ruin_wall, evilmike_swamp_ruin_house_5, swamp_pool2
Swamp:3:  layout_falls_marsh, evilmike_swamp_ruin_wall
Swamp:4:  swamp_icy, layout_basic_swamp, swamp_pool1, infiniplex_staircase_pool,
          uniq_roxanne, uniq_bai_suzhen, uniq_nikola
Spider:1: layout_spider_delve, drop_trap, nicolae_spider_twisty_arc_passages,
          uniq_donald
Spider:2: layout_spider_delve, nicolae_spider_baby_got_redback
Spider:3: layout_spider_delve, nicolae_spider_moth_buddies
Spider:4: hellmonk_spider_rune_endless_swarm, hangedman_spider_tarantella_strand
Orc:1:    giant_chief_lemuel, layout_caves, serial_shops,
          nicolae_shop_pleasant_corner_grove, basic_altar,
          nicolae_orc_pool_cavern, uniq_harold, uniq_urug
Orc:2:    grunt_orc_tribal_feast, layout_diamond_mine,
          hellmonk_ghost_happy_afterlife, nicolae_shop_clearance, uniq_maurice,
          uniq_erolcha
Depths:1: layout_gridlike, grunt_decor_mini_mirrors, abyss_entry_flame_altar,
          grunt_hell_entry_demonic_statue, minmay_statues_item, feat_on_display,
          minmay_shoptagon
Depths:2: nzn_winding_woodlands_small [nzn_winding_woodlands_5x15_eye,
          nzn_winding_woodlands_center_lodge,
          nzn_winding_woodlands_5x15_garden], layout_gridlike, serial_shops,
          kennysheep_little_box, grunt_pan_entry_in_and_out,
          kennysheep_cross_bottleneck, hell_entry, uniq_mara

Skill      XL: |  1  2  3  4  5  6  7  8  9 10 11 12 13 14 15 16 17 18 19 |
---------------+----------------------------------------------------------+-----
Axes           | 4 5 6 7 9 10 11 12 14 15 16 17 18 19 | 19.2
Armour         | 4 5 6 7 9 10 11 12 13 14 15 16 | 16.9
Fighting       | 4 5 6 7 8 9 10 11 12 13 14 15 | 15.7
Shields        | 4 5 6 7 10 13 15 16 17 18 19 | 19.8
Stealth        | 1 4 5 7 |  7.5
Maces & Flails | 2 4 |  4.7

Action                     |  1- 3 |  4- 6 |  7- 9 | 10-12 | 13-15 | 16-18 | 19-21 || total
---------------------------+-------+-------+-------+-------+-------+-------+-------++-------
  Melee: War axe           |   102 |   117 |   266 |   353 |       |       |       ||   838
         Unarmed           |       |    12 |       |       |       |       |       ||    12
         Broad axe         |       |       |       |   439 |  1618 |  2111 |   987 ||  5155
         Flail             |       |       |       |       |   111 |    28 |    29 ||   168
  Evoke: Wand              |       |       |       |       |     6 |       |     4 ||    10
         Phial of floods   |       |       |       |       |       |       |     1 ||     1
    Use: Scroll            |       |     7 |     2 |     7 |    11 |    11 |     1 ||    39
   Stab: Distracted        |       |       |       |       |     1 |     1 |       ||     2
         Confused          |       |       |       |       |     1 |       |       ||     1
 Armour: Scale mail        |    46 |    54 |    28 |       |       |       |       ||   128
         Plate armour      |       |       |   236 |  1269 |  3938 |  1853 |   884 ||  8180
  Dodge: Dodged            |    55 |    83 |   118 |   386 |   949 |   525 |   211 ||  2327
  Block: Buckler           |    28 |    38 |    89 |   186 |       |       |       ||   341
         Tower shield      |       |       |       |   654 |  3404 |  3062 |  1384 ||  8504

Table legend: (Time is in decaauts)
 A = Elapsed time spent in this place.
 B = Non-inter-level travel time spent in this place.
 C = Inter-level travel time spent in this place.
 D = Time resting spent in this place.
 E = Time spent auto-exploring this place.
 F = Levels seen in this place.
 G = Mean time per level.
                   A        B        C        D        E       F      G
               +--------+--------+--------+--------+--------+-----+--------+
         Total |  41662 |  40093 |   1569 |  10226 |  18176 |  33 | 1262.5 |
       Dungeon |  13762 |  13263 |    499 |   1986 |   8357 |  15 |  917.5 |
        Temple |    437 |    374 |     63 |      0 |    354 |   1 |  437.0 |
          Lair |   6622 |   6076 |    546 |    847 |   3198 |   5 | 1324.4 |
         Swamp |   7584 |   7396 |    188 |   3051 |   2015 |   4 | 1896.0 |
   Spider Nest |   7067 |   6897 |    170 |   2308 |   1924 |   4 | 1766.8 |
  Orcish Mines |   2431 |   2341 |     90 |    499 |   1136 |   2 | 1215.5 |
        Depths |   3757 |   3745 |     12 |   1535 |   1191 |   2 | 1878.5 |
               +--------+--------+--------+--------+--------+-----+--------+

Top non-repeatable levels by time:
Spider:4: 3703 daAuts
 Swamp:2: 3337 daAuts
 Swamp:4: 2054 daAuts
Depths:2: 2026 daAuts
  Lair:2: 1779 daAuts
Depths:1: 1730 daAuts
  Lair:5: 1651 daAuts
     D:2: 1498 daAuts
    D:15: 1449 daAuts
    D:10: 1398 daAuts
Spider:1: 1370 daAuts
   Orc:1: 1265 daAuts
Spider:3: 1221 daAuts
   Orc:2: 1165 daAuts
  Lair:4: 1152 daAuts
